Map: Piaskowy Wąwóz

Players

allographe

  • Race: Protoss Protoss
  • League: Silver
  • Spawn Location: 5:00

dunkleosteus

  • Race: Protoss Protoss
  • Spawn Location: 3:00

Legol - Winner!

  • Race: Protoss Protoss
  • League: Gold
  • Spawn Location: 9:00

okGG - Winner!

  • Race: Protoss Protoss
  • Spawn Location: 11:00

VOD

Have the link to the VOD?

Description

Time

  • Played on: Jan. 2, 2020, 3:59 p.m.
  • Length: 12:07
Show
View Real Time Build Order
Export as new Build Order

allographe Protoss 

Build Orders:  

Get SALT Encoding   

  12  0:01  Probe  
  13  0:20  Pylon  
  13  0:26  Probe  
  14  0:38  Probe  
  15  0:49  Gateway  
  15  0:50  Probe  
  16  1:00  Assimilator  
  16  1:02  Probe  
  17  1:13  Pylon  
  17  1:14  Probe  
  18  1:33  Probe  
  19  1:43  Zealot  
  21  1:49  Probe  
  22  1:57  Assimilator  
  22  1:59  Nexus  
  22  2:04  Cybernetics Core  
  22  2:09  Probe  
  22  2:14  Assimilator  
  23  2:19  Assimilator  
  23  2:23  Probe  
  26  2:30  Zealot  
  26  2:41  Pylon  
  26  2:45  Stargate  
  26  3:02  Probe  
  27  3:06  Zealot  
  27  3:12  Stargate  
  29  3:15  Probe (Chrono Boost)  
  29  3:18  Probe (Chrono Boost)  
  32  3:27  Probe (Chrono Boost)  
  32  3:30  Probe (Chrono Boost)  
  33  3:34  Probe (Chrono Boost)  
  33  3:35  Probe (Chrono Boost)  
  35  3:42  Probe (Chrono Boost)  
  35  3:45  Probe (Chrono Boost)  
  37  3:54  Probe (Chrono Boost)  
  39  3:56  Probe (Chrono Boost)  
  39  4:00  Probe (Chrono Boost)  
  39  4:01  Probe (Chrono Boost)  
  39  4:02  Void Ray  
  41  4:07  Probe  
  46  4:11  Probe  
  47  4:19  Probe  
  47  4:20  Void Ray  
  47  4:23  Probe  
  53  4:31  Probe  
  54  4:42  Pylon  
  54  4:44  Pylon  
  54  4:58  Nexus  
  54  5:00  Probe  
  54  5:02  Assimilator  
  54  5:03  Probe  
  54  5:05  Void Ray  
  54  5:06  Assimilator  
  60  5:12  Probe  
  61  5:18  Void Ray  
  65  5:48  Void Ray  
  69  6:05  Pylon  
  69  6:08  Pylon  
  69  6:09  Void Ray  
  69  6:10  Pylon  
  73  6:12  Probe x2  
  73  6:18  Probe  
  76  6:24  Probe x2  
  78  6:30  Probe  
  78  6:31  Void Ray  
  60  7:14  Void Ray  
Show
View Real Time Build Order
Export as new Build Order

dunkleosteus Protoss 

Build Orders: Oracle Opening 

Get SALT Encoding   

  12  0:02  Probe (Chrono Boost)  
  13  0:13  Probe (Chrono Boost)  
  14  0:24  Pylon  
  14  0:29  Probe  
  15  0:38  Pylon  
  16  0:42  Probe  
  16  0:43  Assimilator  
  16  0:55  Forge  
  16  1:06  Gateway  
  16  1:11  Probe (Chrono Boost)  
  17  1:21  Probe (Chrono Boost)  
  17  1:23  Assimilator  
  18  1:36  Photon Cannon  
  18  1:45  Photon Cannon  
  18  1:50  Probe  
  19  2:02  Probe  
  19  2:06  Photon Cannon  
  20  2:21  Cybernetics Core  
  20  2:30  Pylon  
  20  2:35  Probe  
  21  2:42  Pylon  
  21  2:47  Probe  
  22  3:01  Stargate  
  22  3:10  Stargate  
  22  3:20  Photon Cannon  
  22  3:31  Photon Cannon  
  22  3:41  Photon Cannon  
  22  3:48  Pylon  
  25  3:56  Oracle (Chrono Boost)  
  25  3:58  Oracle (Chrono Boost)  
  28  4:28  Nexus  
  28  4:49  Fleet Beacon  
  17  5:48  Void Ray (Chrono Boost)  
  11  6:05  Pylon  
  11  6:09  Pylon  
  11  6:33  Void Ray  
  11  6:37  Probe (Chrono Boost)  
  18  6:48  Probe (Chrono Boost)  
  18  6:49  Probe (Chrono Boost)  
  12  7:36  Void Ray x2  
  20  7:39  Mothership (Chrono Boost)  
  28  7:48  Pylon  
  28  7:51  Pylon  
  28  7:54  Photon Cannon  
  27  8:11  Photon Cannon  
  27  8:14  Photon Cannon  
  27  8:19  Void Ray (Chrono Boost)  
  31  8:20  Photon Cannon  
  35  8:32  Photon Cannon, Void Ray (Chrono Boost)  
  35  8:36  Photon Cannon  
  35  8:40  Photon Cannon  
  35  8:49  Pylon  
  35  8:58  Photon Cannon  
  35  9:02  Photon Cannon  
  35  9:06  Pylon, Void Ray  
  39  9:10  Unknown  
  39  9:18  Pylon  
  39  9:27  Pylon  
  39  9:30  Void Ray  
  43  9:39  Probe (Chrono Boost)  
  44  9:49  Probe (Chrono Boost)  
  45  9:54  Probe (Chrono Boost)  
  38  10:21  Probe  
  39  10:33  Probe  
  40  10:45  Probe  
Show
View Real Time Build Order
Export as new Build Order

Legol Protoss - Winner!

Build Orders: Blink Stalkers 

Get SALT Encoding   

  12  0:01  Probe  
  13  0:13  Probe  
  14  0:19  Pylon  
  14  0:25  Probe  
  15  0:37  Probe (Chrono Boost)  
  15  0:40  Gateway  
  16  0:49  Probe (Chrono Boost)  
  17  0:54  Assimilator  
  17  0:55  Probe (Chrono Boost)  
  18  1:04  Probe  
  19  1:16  Probe  
  20  1:24  Pylon  
  20  1:32  Probe (Chrono Boost), Cybernetics Core  
  21  1:51  Assimilator  
  21  2:00  Gateway  
  21  2:01  Gateway  
  21  2:06  Probe  
  21  2:08  Warp Gate (Chrono Boost)  
  22  2:20  Stalker  
  24  2:30  Twilight Council  
  24  2:33  Pylon  
  24  2:48  Stalker  
  24  2:49  Stalker  
  28  3:00  Pylon  
  28  3:16  Stalker  
  28  3:19  Stalker  
  32  3:24  Blink (Chrono Boost)  
  32  3:39  Stalker  
  34  3:56  Shield Battery  
  34  4:00  Stalker x2  
  38  4:17  Stalker  
  38  4:23  Stalker  
  42  4:41  Stalker x2  
  46  4:53  Pylon  
  46  4:57  Pylon  
  46  4:59  Pylon  
  46  5:18  Stalker x2  
  46  5:19  Stalker  
  50  5:57  Stalker x2  
  50  5:58  Stalker  
  52  6:35  Stalker x3  
  40  7:40  Stalker  
  40  7:41  Stalker x2  
  46  8:18  Probe (Chrono Boost)  
  48  8:28  Probe (Chrono Boost)  
  48  8:32  Probe (Chrono Boost), Stalker x3  
  54  8:35  Nexus  
  54  8:38  Pylon  
  54  8:41  Pylon  
  55  8:44  Probe  
  52  9:03  Stalker x3  
  58  9:17  Probe  
  59  9:30  Probe  
  59  9:31  Stalker  
  62  9:33  Stalker  
  64  9:42  Probe  
  65  9:47  Probe  
  66  9:54  Probe  
  66  9:59  Probe  
  60  10:06  Probe  
  35  10:15  Stalker x3  
  41  10:27  Forge  
  41  10:38  Zealot  
  43  10:44  Stalker x2  
  45  11:06  Stalker  
  45  11:07  Stalker x2  
  47  11:35  Stalker x3  
  47  11:38  Probe x2  
  55  11:46  Pylon  
  55  11:50  Probe x2  
  57  11:59  Stalker x2  
Show
View Real Time Build Order
Export as new Build Order

okGG Protoss - Winner!

Build Orders:  

Get SALT Encoding   

  12  0:01  Probe  
  13  0:13  Probe  
  14  0:19  Pylon  
  14  0:25  Probe  
  15  0:37  Probe  
  15  0:42  Gateway  
  16  0:53  Forge  
  16  0:59  Pylon  
  16  1:03  Probe (Chrono Boost)  
  17  1:13  Probe (Chrono Boost)  
  17  1:18  Probe (Chrono Boost)  
  19  1:29  Probe  
  20  1:46  Nexus  
  20  1:54  Assimilator  
  20  1:57  Probe  
  20  1:59  Assimilator  
  21  2:04  Cybernetics Core  
  21  2:09  Probe  
  22  2:15  Pylon  
  22  2:25  Probe  
  23  2:33  Zealot  
  25  2:37  Warp Gate (Chrono Boost), Probe  
  26  2:49  Probe  
  27  2:54  Twilight Council  
  27  3:00  Gateway  
  27  3:05  Probe (Chrono Boost)  
  29  3:06  Probe (Chrono Boost)  
  29  3:15  Probe (Chrono Boost)  
  29  3:17  Pylon  
  30  3:20  Probe (Chrono Boost)  
  30  3:22  Probe  
  32  3:30  Gateway  
  32  3:31  Probe, Charge (Chrono Boost)  
  33  3:34  Probe  
  34  3:44  Probe  
  34  3:46  Probe  
  36  3:51  Gateway  
  36  4:09  Gateway  
  36  4:10  Pylon  
  36  4:12  Probe  
  36  4:14  Probe  
  38  4:19  Zealot  
  38  4:20  Zealot  
  42  4:32  Zealot  
  44  4:40  Zealot  
  44  4:45  Zealot  
  48  4:46  Zealot  
  41  5:14  Stalker x2  
  25  5:15  Stalker x2  
  28  5:41  Probe  
  19  5:53  Probe (Chrono Boost)  
  20  6:04  Stalker x3  
  23  6:05  Probe (Chrono Boost), Stalker  
  23  6:11  Probe (Chrono Boost)  
  29  6:18  Gateway  
  30  6:22  Probe (Chrono Boost)  
  30  6:23  Probe (Chrono Boost)  
  34  6:33  Probe (Chrono Boost)  
  34  6:34  Probe (Chrono Boost)  
  35  6:40  Stalker  
  35  6:41  Probe x2 (Chrono Boost)  
  35  6:44  Sentry  
  35  6:46  Probe (Chrono Boost)  
  41  7:32  Probe  
  41  7:35  Probe  
  43  7:38  Stalker x2  
  43  7:41  Zealot x3  
  43  7:42  Zealot  
  56  7:46  Probe (Chrono Boost)  
  56  7:47  Probe (Chrono Boost)  
  59  7:58  Probe (Chrono Boost)  
  59  8:01  Probe (Chrono Boost)  
  59  8:03  Probe (Chrono Boost)  
  60  8:13  Probe  
  61  8:25  Probe, Zealot x3  
  61  8:26  Zealot  
  70  8:36  Pylon x2  
  70  8:42  Pylon  
  70  8:44  Gateway  
  70  8:47  Gateway  
  70  8:51  Gateway  
  70  9:20  Zealot x3  
  70  9:21  Zealot x3  
  48  10:13  Stalker  
  48  10:14  Stalker x2  
  42  10:15  Stalker x3  
  42  10:16  Stalker x2  
  42  10:17  Stalker  
  56  10:22  Pylon  
  56  10:41  Stalker x2  
  60  10:44  Stalker  
  60  10:46  Pylon  
  51  11:06  Stalker  
  51  11:07  Stalker x2  
  46  11:57  Stalker x2  
  46  11:58  Stalker  
  52  12:03  Assimilator  
Tags
 
Add a new tag
Caveats
  • Supply blocks, unpowered buildings, or Contaminate may cause inaccurate times.
  • Supply counts are checked every 10 seconds.